 Seeded DCSS version 0.30.0-30-g96aa6591b8 (webtiles) character file.

Game seed: 6351066067085065685 (custom seed)

4444 Esekla the Reanimator (level 10, 0/50 HPs)
             Began as a Deep Elf Necromancer on June 29, 2023.
             Was an Initiate of Gozag.
             Slain by a two-headed ogre
             ... wielding a +0 giant spiked club
              (14 damage)
             ... on level 9 of the Dungeon on June 30, 2023.
             The game lasted 00:54:27 (8152 turns).

Esekla the Reanimator (Deep Elf Necromancer)        Turns: 8152, Time: 00:54:28

Health: 0/50       AC:  6    Str:  5      XL:     10   Next: 15%
Magic:  24/35      EV: 15    Int: 25      God:    Gozag
Gold:   117        SH:  0    Dex: 14 (15) Spells: 22/29 levels left

rFire   . . .        a - +4 scimitar
rCold   . . .        (no shield)
rNeg    . . .        o - +0 robe
rPois   .            N - +1 helmet
rElec   .            H - +0 cloak
rCorr   .            c - +0 pair of gloves
SInv    .            (no boots)
Will    +....        m - amulet of magic regeneration
Stlth   +++          E - ring of the Mage {Wiz Archmagi}
HPRegen 0.28/turn    O - ring of magical power
MPRegen 0.64/turn

%: wizardry (x1), archmagi
@: no status effects
A: no striking features
a: Renounce Religion, Potion Petition, Call Merchant, Bribe Branch


You were on level 9 of the Dungeon.
You worshipped Gozag.
Gozag was aware of your devotion.
You visited 2 branches of the dungeon, and saw 10 of its levels.

You collected 1673 gold pieces.
You spent 1472 gold pieces at shops.
You paid 84 gold pieces to Gozag.

Inventory:

Hand Weapons
 a - a +4 scimitar (weapon)
 r - a +4 trident of venom
 s - a +2 vampiric dagger
 M - a +2 rapier of venom
Missiles
 p - 30 poisoned darts (quivered)
 x - 5 throwing nets
 F - 4 curare-tipped darts
 L - 3 boomerangs
Armour
 c - a +0 pair of gloves (worn)
 o - a +0 robe (worn)
 G - a +0 buckler
 H - a +0 cloak (worn)
 N - a +1 helmet (worn)
Jewellery
 m - an amulet of magic regeneration (around neck)
 E - the ring of the Mage (left hand) {Wiz Archmagi}
   (You bought it in a shop on level 2 of the Dungeon)

   [ring of wizardry]

   It improves your spell success rate.
   Archmagi:  It increases the power of your magical spells.
 O - a ring of magical power (right hand)
 P - the ring of Greed {rElec rPois rN+ AC+4 Str-2}
   (You bought it in a shop on level 2 of the Dungeon)

   [ring of protection]

   AC:        It affects your AC (+4).
   Str:       It affects your strength (-2).
   rElec:     It insulates you from electricity.
   rPois:     It protects you from poison.
   rN:        It protects you from negative energy.
Wands
 h - a wand of roots (15)
 C - a wand of flame (12)
 J - a wand of mindburst (8)
Scrolls
 e - 3 scrolls of enchant weapon {unknown}
 f - 2 scrolls of fog {unknown}
 j - a scroll of magic mapping {unknown}
 n - a scroll of immolation {unknown}
 q - 5 scrolls of blinking
 u - a scroll of silence {unknown}
 v - 2 scrolls of amnesia {unknown}
 w - a scroll of enchant armour {unknown}
 y - a scroll of summoning {unknown}
 A - 2 scrolls of identify
 B - 2 scrolls of teleportation
 D - 3 scrolls of noise {unknown}
 I - 2 scrolls of poison {unknown}
 K - a scroll of torment {unknown}
Potions
 b - a potion of magic
 d - 2 potions of ambrosia
 g - 6 potions of attraction
 i - 4 potions of haste
 k - 3 potions of brilliance
 l - a potion of lignification {unknown}
 t - 6 potions of curing
 z - a potion of mutation {unknown}


   Skills:
 + Level 4.4(4.5) Short Blades
 + Level 1.0(2.7) Long Blades
 + Level 1.1 Throwing
 * Level 6.5 Dodging
 + Level 5.2 Stealth
 * Level 2.2 Shields
 * Level 10.4 Spellcasting
 * Level 10.7 Necromancy
 * Level 5.0 Translocations
 + Level 0.1 Evocations


You had 22 spell levels left.
You knew the following spells:

 Your Spells              Type           Power      Damage    Failure   Level
a - Necrotise             Necr           100%       1d9       1%          1
d - Vampiric Draining     Necr           79%        2d11      1%          3
t - Teleport Other        Tloc           55%        N/A       1%          3

Your spell library contained the following spells:

 Spells                   Type           Power      Damage    Failure   Level
 Lesser Beckoning         Tloc           100%       N/A       1%          2
 Gell's Gravitas          Tloc           55%        N/A       1%          3
 Agony                    Necr           79%        N/A       1%          5
 Spider Form              Tmut/Pois      19%        N/A       6%          3
 Cause Fear               Hex            9%         N/A       19%         4
 Summon Mana Viper        Hex/Summ       19%        N/A       45%         5
 Animate Dead             Necr           Unusable   N/A       N/A         4

Dungeon Overview and Level Annotations

Branches:
Dungeon (9/15)             Temple (1/1) D:6
   Lair: D:8-11         Orc: D:9-12

Altars:
Ashenzari
Cheibriados
Dithmenos
Elyvilon
Fedhas
Gozag
Hepliaklqana
Kikubaaqudgha
Makhleb
Okawaru
Qazlal
Sif Muna
Trog
Uskayaw
Vehumet
Wu Jian
Xom
Yredelemnul
Zin
The Shining One

Shops:
D:2 =   D:4 (

Annotations:
D:7 Menkaure


Message History

Casting: Vampiric Draining (safe; 1% risk of failure)
Confirm with . or Enter, or press ? or * to list all spells.
Aiming: Vampiric Draining (safe; 1% risk of failure)
Press: ? - help, Shift-Dir - straight line, f - two-headed ogre
Aim: a two-headed ogre, wielding a +0 giant spiked club and a +0 giant club You feel a surge of power!
You draw life force from the two-headed ogre!
You feel life coursing into your body. The two-headed ogre barely misses you.
The two-headed ogre hits you with a +0 giant club!
Casting: Vampiric Draining (safe; 1% risk of failure)
Confirm with . or Enter, or press ? or * to list all spells.
Aiming: Vampiric Draining (safe; 1% risk of failure)
Press: ? - help, Shift-Dir - straight line, f/p - two-headed ogre
Aim: a two-headed ogre, wielding a +0 giant spiked club and a +0 giant club (lightly wounded)
You feel a surge of power!
You draw life force from the two-headed ogre!
You feel life coursing into your body.
Casting: Vampiric Draining (safe; 1% risk of failure)
Confirm with . or Enter, or press ? or * to list all spells.
Aiming: Vampiric Draining (safe; 1% risk of failure)
Press: ? - help, Shift-Dir - straight line, f/p - two-headed ogre
Aim: a two-headed ogre, wielding a +0 giant spiked club and a +0 giant club (moderately wounded)
You feel a surge of power!
You draw life force from the two-headed ogre!
You feel life coursing into your body!
The two-headed ogre hits you with a +0 giant spiked club!!
Ouch! That really hurt!
* * * LOW HITPOINT WARNING * * *
The two-headed ogre misses you.
Casting: Vampiric Draining (safe; 1% risk of failure)
Confirm with . or Enter, or press ? or * to list all spells.
Aiming: Vampiric Draining (safe; 1% risk of failure)
Press: ? - help, Shift-Dir - straight line, f/p - two-headed ogre
Aim: a two-headed ogre, wielding a +0 giant spiked club and a +0 giant club (heavily wounded)
You feel a surge of power!
You draw life force from the two-headed ogre!
You feel life coursing into your body.
The two-headed ogre hits you with a +0 giant spiked club!
You die...
Your body crumbles into a pile of gold.

#.......# #.......#
########### #.......###
#..........
#.........#####...#######
#.................#
#..######.........# #..#
#.........# '..#
#.........# #..#
#.......@O# #..#
#.).............
...#+####...............
..............#######...
..............# ..
......######### . ......#
......# ......#


You could see a two-headed ogre.

Vanquished Creatures
  A two-headed ogre (D:8)
  Pikel (D:6)
  Joseph (D:7)
  A steam dragon (D:7)
  A wyvern (D:7)
  An ice beast (D:6)
  A sky beast (D:6)
  2 black bears
  An ogre (D:6)
  A centaur (D:7)
  A phantom (D:7)
  Blork the orc (D:6)
  2 kobold brigands
  2 gnoll sergeants
  A bullfrog (D:7)
  2 scorpions (D:5)
  3 wights (D:7)
  5 killer bees (D:9)
  2 quasits
  2 gnoll boudas
  6 hounds
  A jelly (D:6)
  Crazy Yiuf (D:7)
  4 orc priests
  5 iguanas
  A sleepcap (D:5)
  5 orc wizards
  23 gnolls
  9 adders
  3 shadow imps (D:8)
  6 white imps
  4 ufetubi
  A worm (D:4)
  3 dart slugs
  33 orcs
  6 ball pythons
  4 endoplasms
  8 goblins
  5 hobgoblins
  A quokka (D:1)
  4 bats
  4 frilled lizards
  14 kobolds
  A rat (D:2)
184 creatures vanquished.

Vanquished Creatures (others)
  An orc (D:7)
1 creature vanquished.

Grand Total: 185 creatures vanquished

Notes
Turn   | Place    | Note
-------+----------+-------------------------------------------
     0 | D:1      | Esekla the Deep Elf Necromancer began the quest for the
                  | Orb.
     0 | D:1      | Reached XP level 1. HP: 10/10 MP: 6/6
   135 | D:1      | Reached skill level 5 in Necromancy
   216 | D:1      | Reached XP level 2. HP: 15/15 MP: 8/8
   403 | D:3      | You fall into a shaft and drop 2 floors!
   403 | D:5      | Entered Level 5 of the Dungeon
   412 | D:5      | Got the Parchment of the Lumpy Olives
   430 | D:5      | Found a shadowy altar of Dithmenos.
   535 | D:5      | Noticed a scorpion
   639 | D:5      | Reached XP level 3. HP: 16/19 MP: 10/10
   650 | D:5      | Learned a level 3 spell: Vampiric Draining
   767 | D:5      | Reached XP level 4. HP: 22/24 MP: 5/11
   814 | D:6      | Found a staircase to the Ecumenical Temple.
   823 | D:6      | Noticed a sky beast
   844 | Temple   | Entered the Ecumenical Temple
   861 | Temple   | Became a worshipper of Gozag Ym Sagoz the Greedy
   978 | D:6      | Reached skill level 1 in Short Blades
  1150 | D:3      | Identified the +5 rapier of the Hero {heavy, rN+ Dex+3}
  1231 | D:2      | Found Renulab's Jewellery Shop.
  1313 | D:1      | Learned a level 3 spell: Teleport Other
  1482 | D:2      | Reached XP level 5. HP: 27/28 MP: 13/13
  1528 | D:2      | Noticed a black bear
  1635 | D:2      | Found a faded altar of an unknown god.
  1960 | D:2      | Killed a black bear
  1961 | D:2      | Reached skill level 1 in Translocations
  1961 | D:2      | Reached XP level 6. HP: 32/32 MP: 11/14
  2334 | D:3      | Found a stormy altar of Qazlal.
  2378 | D:3      | Found a hazy altar of Hepliaklqana.
  2378 | D:3      | Found a bloodstained altar of Trog.
  2700 | D:4      | Found an iron altar of Okawaru.
  2711 | D:4      | Found a radiant altar of Vehumet.
  2724 | D:4      | Found a glowing golden altar of the Shining One.
  2793 | D:4      | Reached skill level 5 in Spellcasting
  2829 | D:4      | Found a glowing silver altar of Zin.
  2893 | D:4      | Found Ponaysk's Antique Weapon Boutique.
  3357 | D:5      | Reached XP level 7. HP: 36/36 MP: 17/17
  4225 | D:6      | Reached XP level 8. HP: 28/41 MP: 8/19
  4351 | D:2      | Bought the ring of the Mage {Wiz Archmagi} for 714 gold
                  | pieces
  4351 | D:2      | Found the ring of the Mage {Wiz Archmagi}
  4573 | D:6      | Found a blossoming altar of Fedhas.
  4785 | D:6      | Noticed Pikel
  4815 | D:6      | Killed Pikel
  4816 | D:6      | Reached skill level 5 in Dodging
  4816 | D:6      | Reached skill level 5 in Stealth
  4993 | D:6      | Noticed Blork the orc
  5174 | D:6      | Killed Blork the orc
  5307 | D:7      | Found a runed translucent door.
  5308 | D:7      | Noticed Crazy Yiuf
  5313 | D:7      | Killed Crazy Yiuf
  5362 | D:7      | Reached skill level 1 in Throwing
  5362 | D:7      | Reached XP level 9. HP: 45/45 MP: 23/23
  5544 | D:7      | Noticed Menkaure
  5703 | D:8      | Noticed a two-headed ogre
  6016 | D:7      | Noticed Joseph
  6041 | D:7      | Killed Joseph
  6042 | D:7      | Reached skill level 1 in Shields
  6670 | D:8      | Killed a two-headed ogre
  6671 | D:8      | Reached skill level 10 in Spellcasting
  6671 | D:8      | Reached skill level 10 in Necromancy
  6698 | D:8      | Reached skill level 5 in Translocations
  6938 | D:7      | Reached XP level 10. HP: 44/50 MP: 20/26
  7072 | D:8      | Reached skill level 1 in Long Blades
  7441 | D:8      | Found a hide-covered altar of Uskayaw.
  7456 | D:8      | Found a transporter.
  7458 | D:8      | Found a transporter.
  7460 | D:8      | Found a transporter.
  7460 | D:8      | Found a transporter.
  7743 | D:2      | Bought the ring of Greed {rElec rPois rN+ AC+4 Str-2} for
                  | 758 gold pieces
  8147 | D:9      | Noticed a two-headed ogre
  8152 | D:9      | Slain by a two-headed ogre

Illustrated notes

Levels and vault maps discovered:
D:1:      sevenhm_arrival_forest_fort_small_3, layout_rooms,
          chequers_serial_rivers_room_b, minmay_misc_feat_five
D:2:      layout_loops_ring, dreamdust_ecumenical_altar_angels_and_demons,
          serial_shops, shop
D:3:      layout_basic, grunt_temple_overflow_open, minmay_misc_feat_iff
D:4:      layout_basic, nicolae_overflow_quartered_altars, serial_shops,
          nicolae_diamond_shop
D:5:      layout_loops_ring, lemuel_doored_altar, minmay_misc_feat_rows,
          dreamdust_wishing_well
D:6:      layout_loops_cross, fedhas_altar_fruit_tree,
          minmay_temple_entry_glass, uniq_pikel, uniq_blork_the_orc
D:7:      layout_basic, uniq_menkaure, uniq_joseph, uniq_crazy_yiuf_cottage
D:8:      layout_basic, nicolae_uskayaw_dance_hall, serial_demonic,
          serial_demonic_d, serial_demonic_a, serial_demonic_c,
          serial_demonic_c, nicolae_diode_quadrants
D:9:      layout_irregular_city, kennysheep_little_box, enter_bailey_4,
          minmay_between, uniq_harold
Temple:   compressed_dpeg_circular_temple

Skill      XL: |  1  2  3  4  5  6  7  8  9 10 |
---------------+-------------------------------+-----
Necromancy     | 5 6 7 9 10 | 10.7
Stealth        | 3 4 5 |  5.2
Dodging        | 3 4 5 6 |  6.5
Short Blades   | 1 2 3 4 |  4.4
Spellcasting   | 4 5 6 8 10 | 10.4
Translocations | 1 2 4 5 |  5.0
Throwing       | 1 |  1.1
Shields        | 2 |  2.2
Long Blades    | 1 |  1.0
Evocations     | |  0.1

Action                     |  1- 3 |  4- 6 |  7- 9 | 10-12 || total
---------------------------+-------+-------+-------+-------++-------
  Melee: Unarmed           |     9 |       |       |       ||     9
         Dagger            |    41 |     8 |     6 |       ||    55
         Short sword       |     4 |       |       |       ||     4
         Punch             |     1 |       |     4 |       ||     5
         Rapier            |       |    73 |   100 |       ||   173
         Scimitar          |       |       |    50 |    35 ||    85
  Throw: Dart              |       |       |    11 |     3 ||    14
   Cast: Vampiric Draining |     2 |    21 |    74 |    25 ||   122
         Teleport Other    |       |       |     5 |       ||     5
  Evoke: Wand              |       |       |    11 |       ||    11
    Use: Scroll            |     2 |     4 |     5 |       ||    11
         Potion            |     1 |       |     3 |     1 ||     5
   Stab: Sleeping          |     5 |     7 |     8 |       ||    20
         Distracted        |       |     1 |       |       ||     1
 Armour: Robe              |     6 |    14 |    39 |    20 ||    79
  Dodge: Dodged            |    30 |    64 |   179 |    48 ||   321
